 Dungeon Crawl Stone Soup version 0.28-a0-1638-g9123634e07 (webtiles) character file.

Game seed: 6942824676127810098

316 RepHenryClay the Chopper (level 6, 40/48 HPs)
             Began as a Demonspawn Berserker on Jan 26, 2022.
             Was a Believer of Trog.
             Quit the game on level 4 of the Dungeon.
             The game lasted 00:04:40 (3052 turns).

RepHenryClay the Chopper (Demonspawn Berserker)     Turns: 3052, Time: 00:04:41

Health: 40/48      AC: 15    Str: 19    XL:     6   Next: 20%
Magic:  6/6        EV: 10    Int:  9    God:    Trog [**....]
Gold:   94         SH:  0    Dex: 12    Spells: 5/5 levels left

rFire   . . .      SeeInvis .   a - +1 hand axe (protect)
rCold   . . .      Faith    .   (no shield)
rNeg    . . .      Spirit   .   p - +1 scale mail
rPois   .          Reflect  .   (no helmet)
rElec   .          Harm     .   (no cloak)
rCorr   .          Rampage  .   (no gloves)
Will    .....                   (no boots)
Stlth   ..........              (no amulet)
HPRegen 0.16/turn               m - +4 ring of slaying
MPRegen 0.10/turn               (no ring)

@: under a protective aura
A: rugged brown scales 1, demonic guardian 1, demonic touch 1
a: Renounce Religion, Berserk, Trog's Hand


You were on level 4 of the Dungeon.
You worshipped Trog.
Trog was pleased with you.
You visited 1 branch of the dungeon, and saw 4 of its levels.

You collected 94 gold pieces.

Inventory:

Hand Weapons
 a - a +1 hand axe of protection (weapon)
Missiles
 n - 6 poisoned darts (quivered)
Armour
 p - a +1 scale mail (worn)
Jewellery
 m - a +4 ring of slaying (left hand)
Wands
 o - a wand of flame (27)
Scrolls
 c - 3 scrolls of enchant armour
 h - 2 scrolls of identify
 k - 2 scrolls of noise
Potions
 e - a potion of heal wounds
 l - a potion of haste


   Skills:
 - Level 3.0 Fighting
 * Level 4.9 Axes
 + Level 3.3 Armour
 + Level 3.3 Dodging


You had 5 spell levels left.
You didn't know any spells.
Your spell library was empty.

Dungeon Overview and Level Annotations

Branches:
Dungeon (4/15)
 Temple: D:4-7

Altars:
Ashenzari
Hepliaklqana


Innate Abilities, Weirdness & Mutations

You are partially covered in rugged brown scales. (AC +1, +3% HP)
A weak demonic guardian rushes to your aid.
Your touch may inflict minor irresistible damage on your foes.


Message History

Your hands begin to faintly glow with unholy energy.
A gnoll comes into view. It is wielding a +0 flail.
Found 12 arrows.
Things that are here:
a +0 spear; a gnoll corpse A centaur skeleton comes into view.
The gnoll barely misses you.
You see here 2 emerald potions.
You slash the gnoll!
Your weapon exudes an aura of protection.
The gnoll is heavily wounded.
You slash the gnoll! The gnoll hits you but does no damage.
Your goblin hits the gnoll but does no damage.
Your hobgoblin completely misses the gnoll.
Your gnoll barely misses the gnoll.
The gnoll hits your goblin with a +0 flail.
You slash the gnoll!
You kill the gnoll!
Trog accepts your kill.
You hit the gnoll. Your hobgoblin hits the gnoll.
The gnoll dies!
Trog accepts your kill.
Your gnoll hits the centaur skeleton with a +0 halberd!
The centaur skeleton hits your gnoll.
The centaur skeleton closely misses your gnoll.
The centaur skeleton hits your gnoll.
The centaur skeleton kicks your gnoll but does no damage.
Your gnoll hits the centaur skeleton with a +0 halberd!
Things that are here:
a +0 spear; a gnoll corpse You swap places.
The centaur skeleton closely misses you.
The centaur skeleton misses you.
Your goblin hits the centaur skeleton with a +0 dagger.
Your gnoll hits the centaur skeleton from afar with a +0 halberd.
The centaur skeleton is destroyed!
Trog accepts your kill.
No target in view!
No target in view!
Are you sure you want to abandon this character and quit the game? (Confirm with "yes".)

.. #. . .#.## ... ..
...#####........ .
#...........#.. ..
######....## .#.....
#.#§§..))....##.......
#..§§..).....#..(....
##..§<.....g@#....#
#.#########gg)).##.#
.. ........!.....# #
.....>.....##...
..............
..###.......### .
#.......# #.......#
#.......#


You could see a friendly gnoll (summoned), a friendly hobgoblin (summoned) and a
friendly goblin (summoned).

Vanquished Creatures
  A phantom (D:3)
  Ijyb (D:3)
  An orc wizard (D:2)
  5 gnolls
  An adder (D:2)
  A worm (D:3)
  2 dart slugs
  7 orcs
  4 endoplasms
  2 giant cockroaches (D:3)
  5 hobgoblins
  3 ball pythons (D:1)
  8 bats
  2 frilled lizards
  8 goblins
  7 kobolds
  5 rats
63 creatures vanquished.

Vanquished Creatures (collateral kills)
  A centaur skeleton (D:4)
  3 gnolls (D:4)
  A worm (D:2)
  A goblin (D:4)
6 creatures vanquished.

Grand Total: 69 creatures vanquished

Notes
Turn   | Place    | Note
-------+----------+-------------------------------------------
     0 | D:1      | RepHenryClay the Demonspawn Berserker began the quest for
                  | the Orb.
     0 | D:1      | Reached XP level 1. HP: 18/18 MP: 1/1
   403 | D:1      | Gained mutation: You are partially covered in rugged brown
                  | scales. (AC +1, +3% HP) [demonic ancestry]
   403 | D:1      | Reached XP level 2. HP: 11/24 MP: 2/2
   705 | D:1      | Reached skill level 3 in Axes
   751 | D:1      | You fall into a shaft and drop 1 floor!
   912 | D:2      | Found a faded altar of an unknown god.
   956 | D:2      | Gained mutation: A weak demonic guardian rushes to your
                  | aid. [demonic ancestry]
   956 | D:2      | Reached XP level 3. HP: 29/29 MP: 3/3
  1014 | D:2      | HP: 2/43 [something/puff of flame (6)]
  1032 | D:2      | Reached ** piety under Trog
  1224 | D:2      | Found a hazy altar of Hepliaklqana.
  1518 | D:2      | Reached XP level 4. HP: 36/36 MP: 4/4
  1916 | D:3      | Noticed Ijyb
  2206 | D:3      | Noticed a phantom
  2227 | D:3      | Killed a phantom
  2228 | D:3      | Reached skill level 4 in Axes
  2228 | D:3      | Reached XP level 5. HP: 32/42 MP: 5/5
  2542 | D:3      | Found a broken altar of Ashenzari.
  2588 | D:3      | Killed Ijyb
  3046 | D:4      | Gained mutation: Your touch may inflict minor irresistible
                  | damage on your foes. [demonic ancestry]
  3046 | D:4      | Reached XP level 6. HP: 39/48 MP: 6/6
  3052 | D:4      | Quit the game

Illustrated notes

Levels and vault maps discovered:
D:1:      minmay_arrival_three_doors, layout_loops_cross,
          chequers_decorated_corner
D:2:      layout_loops_ring, basic_ecumenical_altar, basic_altar,
          minmay_misc_feat_four_crosses
D:3:      layout_loops_ring, ashenzari_altar_1, grunt_ministairs_2,
          minivault_27, uniq_ijyb
D:4:      layout_rooms, kennysheep_little_box, mainiacjoe_overflow_paths,
          minmay_temple_entry_hall, portal_sewer_entry_e, minmay_cut_off

Skill      XL: |  1  2  3  4  5 |
---------------+----------------+-----
Dodging        | 2 3 |  3.3
Armour         | 2 3 |  3.3
Axes           | 3 4 |  4.9
Fighting       | |  3.0

Action                   |  1- 3 |  4- 6 || total
-------------------------+-------+-------++-------
Melee: Hand axe          |   127 |    70 ||   197
       Punch             |     1 |     2 ||     3
Invok: Berserk           |     1 |       ||     1
  Use: Potion            |     2 |       ||     2
       Scroll            |       |     7 ||     7
Armor: Ring mail         |    50 |    22 ||    72
       Animal skin       |    11 |       ||    11
       Scale mail        |       |     4 ||     4
Dodge: Dodged            |    95 |    40 ||   135

Table legend: (Time is in decaauts)
 A = Elapsed time spent in this place.
 B = Non-inter-level travel time spent in this place.
 C = Inter-level travel time spent in this place.
 D = Time resting spent in this place.
 E = Time spent auto-exploring this place.
 F = Levels seen in this place.
 G = Mean time per level.
                   A        B        C        D        E       F      G
               +--------+--------+--------+--------+--------+-----+--------+
         Total |   3082 |   3019 |     63 |    214 |   2193 |   4 |  770.5 |
       Dungeon |   3082 |   3019 |     63 |    214 |   2193 |   4 |  770.5 |
               +--------+--------+--------+--------+--------+-----+--------+

Top non-repeatable levels by time:
     D:2: 1178 daAuts
     D:3: 1108 daAuts
     D:1: 760 daAuts
     D:4: 34 daAuts
